 Dungeon Crawl Stone Soup version 0.31-a0-188-g5e087ee2ca (webtiles) character file.

Game seed: 11395921359588815701

55 qw the Shooter (level 3, -9/20 HPs)
             Began as a Deep Elf Hunter on June 23, 2023.
             Killed by divine providence
             ... invoked by an orc priest
              (12 damage)
             ... on level 2 of the Dungeon.
             The game lasted 00:00:26 (784 turns).

qw the Shooter (Deep Elf Hunter)                     Turns: 784, Time: 00:00:26

Health: -9/20      AC:  6    Str: 10    XL:     3   Next: 67%
Magic:  5/5        EV: 11    Int: 13    God:
Gold:   80         SH:  0    Dex: 24    Spells: 2/2 levels left

rFire   . . .        Y - +1 shortbow
rCold   . . .        (shield currently unavailable)
rNeg    . . .        i - +0 ring mail
rPois   .            g - +0 helmet
rElec   .            (no cloak)
rCorr   .            (no gloves)
SInv    .            (no boots)
Will    .....        (no amulet)
Stlth   ++           e - +6 ring of dexterity
HPRegen 0.23/turn    (no ring)
MPRegen 0.09/turn

%: no passive effects
@: no status effects
A: no striking features
a: no special abilities


You were on level 2 of the Dungeon.
You visited 1 branch of the dungeon, and saw 2 of its levels.

You collected 139 gold pieces.
You spent 59 gold pieces at shops.


   Skills:
 - Level 1.5 Fighting
 + Level 7.2 Ranged Weapons
 - Level 2.4 Dodging
 - Level 1.2 Stealth


You had 2 spell levels left.
You didn't know any spells.
Your spell library was empty.

Inventory:

Hand Weapons
 Y - a +1 shortbow (weapon)
Armour
 g - a +0 helmet (worn)
 i - a +0 ring mail (worn)
Jewellery
 e - a +6 ring of dexterity (left hand)
Scrolls
 a - 2 scrolls of teleportation {unknown}
 b - a scroll of identify
 c - a scroll of fear {unknown}
 k - a scroll of acquirement {unknown}
Potions
 d - a potion of might {unknown}
 f - a potion of degeneration {unknown}
 h - a potion of lignification {unknown}
 j - 2 potions of curing

Dungeon Overview and Level Annotations

Branches:
Dungeon (2/15)

Altars:

Shops:
D:1 !   D:2 :?


Message History

An orc comes into view. It is wielding a +0 club.
You shoot an arrow. The orc shouts!
The arrow hits the orc priest.
The orc priest is moderately wounded.
You shoot an arrow. The arrow barely misses the orc.
You shoot an arrow. The arrow completely misses the orc.
You shoot an arrow. The arrow closely misses the orc.
The orc barely misses you.
You shoot an arrow. The arrow hits the orc!
You kill the orc!
The orc barely misses you.
You shoot an arrow. The arrow hits the orc.
The orc is severely wounded.
The orc completely misses you. The orc hits you with a +0 club.
You shoot an arrow. The arrow hits the orc.
You kill the orc!
The orc completely misses you.
You shoot an arrow.
The arrow hits the orc but does no damage.
The orc hits you with a +0 club. The rat closely misses you.
You shoot an arrow. The arrow hits the orc!
You kill the orc!
The rat misses you.
You shoot an arrow. The arrow hits the orc priest.
The orc priest is heavily wounded.
The rat bites you but does no damage.
The orc priest hits you with a +0 flail. x2
The rat barely misses you.
You shoot an arrow. The arrow hits the orc priest.
The orc priest is almost dead.
The rat bites you but does no damage.
The orc priest hits you with a +0 flail!
You shoot an arrow. The arrow hits the orc priest.
The orc priest is almost dead.
The rat barely misses you.
The orc priest mumbles some strange prayers to Beogh against you.
Beogh smites you!
Ouch! That really hurt!
You die...

#.........# ..
#.........######## ...
#................. ..%.
#...............##
...)###.............### .#
....................# ..#
.....>...........}..####
#.#
......o......##.........
#.### ..#r@.......:....##..
###...##
#.)....###..#######
#......# ###......#
#.......# #..).#.##
#........# #.#####.#
#.<.....###
#.#.......##.#####.#
#....#....#
#.####.....#.....#.#
#...\#..#.###.#
###....####...#
#.....#.#...#.# #....#
##..#
#####.#.###.._######.##.###
#..##


You could see an orc priest and a rat.

Vanquished Creatures
  An adder (D:2)
  A dart slug (D:2)
  3 orcs (D:2)
  2 bats (D:1)
  8 endoplasms
  A giant cockroach (D:1)
  4 goblins
  A hobgoblin (D:1)
  4 jackals (D:1)
  A quokka (D:1)
  5 ball pythons
  2 frilled lizards
  2 kobolds
  2 rats (D:2)
37 creatures vanquished.

Notes
Turn   | Place    | Note
-------+----------+-------------------------------------------
     0 | D:1      | qw the Deep Elf Hunter began the quest for the Orb.
     0 | D:1      | Reached XP level 1. HP: 12/12 MP: 3/3
     0 | D:1      | 0 ||| qw: Version: 0.3-a-9-g12657ce
     0 | D:1      | 0 ||| qw: Game counter: 3918
     0 | D:1      | 0 ||| qw: Always use a shield: true
     0 | D:1      | 0 ||| qw: God list: Okawaru
     0 | D:1      | 0 ||| qw: Allow faded altars: false
     0 | D:1      | 0 ||| qw: Do Orc after D:15 true
     0 | D:1      | 0 ||| qw: Do second Lair branch before Depths: true
     0 | D:1      | 0 ||| qw: Lair rune preference: random
     0 | D:1      | 0 ||| qw: Plans: Normal
     0 | D:1      | 0 ||| PLANNING D:1-11
    86 | D:1      | Reached XP level 2. HP: 14/16 MP: 4/4
   107 | D:1      | Reached skill level 6 in Ranged Weapons
   228 | D:1      | Found Kiloneubbo's Distillery.
   240 | D:1      | 240 ||| SHOPLISTING 2 potions of cancellation (176 gold,
                  | have 49).
   240 | D:1      | 240 ||| SHOPLISTING 2 potions of curing (66 gold, have 49).
   240 | D:1      | 240 ||| BUYING potion of curing (33 gold).
   240 | D:1      | Bought a potion of curing for 33 gold pieces
   240 | D:1      | 240 ||| SHOPLISTING potion of curing (33 gold, have 16).
   240 | D:1      | 240 ||| SHOPLISTING potion of haste (110 gold, have 16).
   420 | D:1      | 420 ||| UPGRADING to +0 helmet.
   425 | D:1      | 425 ||| UPGRADING to +0 ring mail.
   435 | D:1      | 435 ||| DROPPING +0 leather armour.
   436 | D:1      | 436 ||| UPGRADING to +6 ring of dexterity.
   437 | D:1      | 437 ||| READING scroll labelled DOENGAI KERRA.
   438 | D:1      | 438 ||| READING scroll labelled YLAUR NU YNK.
   439 | D:1      | 439 ||| READING scroll labelled DISKAIFUJE.
   440 | D:1      | 440 ||| DROPPING scroll of butterflies.
   451 | D:2      | Found Edo Bec's Book Shop.
   458 | D:2      | Found a faded altar of an unknown god.
   468 | D:2      | Found Haxtuisch's Magic Scroll Emporium.
   484 | D:2      | 484 ||| SHOPLISTING scroll of brand weapon (123 gold, have
                  | 51).
   484 | D:2      | 484 ||| SHOPLISTING scroll of enchant weapon (97 gold, have
                  | 51).
   484 | D:2      | 484 ||| BUYING scroll of identify (26 gold).
   484 | D:2      | Bought a scroll of identify for 26 gold pieces
   484 | D:2      | 484 ||| SHOPLISTING scroll of teleportation (39 gold, have
                  | 25).
   497 | D:2      | Reached XP level 3. HP: 20/20 MP: 5/5
   663 | D:2      | Reached skill level 7 in Ranged Weapons
   783 | D:2      | HP: 3/20 [orc priest/+0 flail (8)]
   784 | D:2      | Killed from afar by an orc priest

Levels and vault maps discovered:
D:1:      scummos_arrival_hexagon, layout_rooms, serial_shops, shop,
          minmay_pentomino_v4
D:2:      layout_rooms, basic_ecumenical_altar, serial_shops, shop, shop,
          dreamdust_wishing_well

Skill      XL: |  1  2  3 |
---------------+----------+-----
Ranged Weapons | 6 7 |  7.2
Fighting       | |  1.5
Dodging        | |  2.4
Stealth        | |  1.2

Action                     || total
---------------------------++-------
   Fire: Shortbow          ||    98
    Use: Scroll            ||     3
 Armour: Leather armour    ||     2
         Ring mail         ||     3
  Dodge: Dodged            ||    18

Table legend:
 A = Non-vault XP
 B = Vault XP
 C = Vault XP percentage of total XP
 D = Non-vault monster count
 E = Vault monster count
 F = Vault count percentage of total count
                 A         B        C        D         E       F
            +---------+---------+-------+---------+---------+-------
      Total |      75 |       4 |   5.1 |      35 |       2 |   5.4
            +---------+---------+-------+---------+---------+-------
        D:1 |      31 |       4 |  11.4 |      18 |       2 |  10.0
        D:2 |      44 |       0 |   0.0 |      17 |       0 |   0.0
            +---------+---------+-------+---------+---------+-------
